 Dungeon Crawl Stone Soup version 0.21.0-30-g47ce8e4cbb (webtiles) character file.

939 Fascinator the Skirmisher (level 7, -2/56 HPs)
             Began as a Demonspawn Gladiator on Jan 29, 2018.
             Killed by divine providence
             ... invoked by an orc priest
              (15 damage)
             ... on level 6 of the Dungeon.
             The game lasted 00:35:41 (5573 turns).

Fascinator the Skirmisher (Demonspawn Gladiator)    Turns: 5573, Time: 00:36:07

Health: -2/56      AC: 10    Str: 14 (16) XL:     7   Next: 87%
Magic:  7/7        EV: 12    Int:  9 (10) God:
Gold:   236        SH:  0    Dex: 11 (14) Spells: 6/6 levels left

rFire    . . .     SeeInvis .   v - +5 quarterstaff (chaos)
rCold    . . .     Gourm    .   (shield currently unavailable)
rNeg     . . .     Faith    .   s - +0 ring mail
rPois    .         Spirit   .   (helmet restricted)
rElec    .         Reflect  .   w - +0 cloak
rCorr    .         Harm     .   (no gloves)
MR       .....                  (no boots)
Stlth    +.........             (no amulet)
HPRegen  0.18/turn              a - +3 ring of protection
MPRegen  0.10/turn              (no ring)

@: no status effects
A: antennae 1, demonic guardian 1, powered by pain 2
a: no special abilities


You were on level 6 of the Dungeon.
You were not hungry.

You visited 1 branch of the dungeon, and saw 6 of its levels.

You collected 236 gold pieces.

Inventory:

Hand Weapons
 r - a +0 halberd
 v - a +5 quarterstaff of chaos (weapon)
Armour
 s - a +0 ring mail (worn)
 w - a +0 cloak (worn)
Jewellery
 a - a +3 ring of protection (left hand)
Scrolls
 g - a scroll of amnesia {unknown}
 h - a scroll of magic mapping
 i - 3 scrolls of noise {unknown}
 l - 3 scrolls of remove curse {unknown}
 m - 2 scrolls of teleportation {unknown}
 t - 2 scrolls of random uselessness {unknown}
 x - a scroll of blinking {unknown}
 y - a scroll of enchant armour {unknown}
 B - a scroll of fear {unknown}
Potions
 j - 2 potions of cancellation {unknown}
 n - 4 potions of flight {unknown}
 p - a potion of resistance
 u - 2 potions of mutation {unknown}
 A - 2 potions of curing {unknown}
Comestibles
 f - 7 rations


   Skills:
 * Level 5.1 Fighting
 - Level 3.9(4.4) Polearms
 * Level 3.1(4.0) Staves
 - Level 1.8 Throwing
 * Level 3.8 Armour
 + Level 4.3 Dodging


You had 6 spell levels left.
You didn't know any spells.

Dungeon Overview and Level Annotations

Branches:
Dungeon (6/15)
 Temple: D:4-7

Altars:
Dithmenos

Annotations:
D:5 Menkaure, Pikel


Innate Abilities, Weirdness & Mutations

You have a pair of small antennae on your head.
A weak demonic guardian rushes to your aid.
You sometimes gain power by taking damage.


Message History

The bullfrog hits you. The orc warrior closely misses you.
The orc priest calls upon Beogh to heal the orc warrior.
The orc warrior is healed somewhat.
As you read the scroll labeled HYAWIE UKENE, it crumbles to dust.
The scroll dissolves into smoke.
It was a scroll of fog.
The centaur hits you but does no damage.
The bullfrog hits you. The centaur hits you. The orc warrior barely misses you.
The bullfrog closely misses you.
The orc priest calls upon Beogh to heal the orc warrior.
The orc warrior is healed somewhat.
As you read the scroll labeled GASCHA IPO HYSA, it crumbles to dust.
It is a scroll of enchant weapon.
Your +4 quarterstaff of chaos glows red for a moment.
The centaur barely misses you.
The bullfrog hits you but does no damage.
The orc warrior hits you with a hand axe!
* * * LOW HITPOINT WARNING * * *
The orc priest calls down the wrath of Beogh upon you.
Beogh smites you!
You die...

......[ .........
......=.. .........
###........
####..........
##oo$..........
#######oc###.........
.....FF@## #.o.......
#####ยง### #.........
#.. ##..c>.... #.
.#.#$#..# . . .....##
.# #o .#.#.# ..
.....# #. .# # #


You could see an orc warrior (inner flame), 2 bullfrogs, a centaur (inner flame)
and 2 orc priests.

Vanquished Creatures
  An ogre (D:4)
  3 scorpions
  A howler monkey (D:6)
  Jessica (D:2)
  An iguana (D:5)
  3 worker ants
  6 gnolls
  6 adders
  2 adder skeletons (D:4)
  2 worms
  A dart slug (D:1)
  3 leopard geckos
  6 orcs (D:3)
  A ball python (D:1)
  A giant cockroach (D:3)
  3 goblins (D:1)
  9 hobgoblins
  10 jackals
  2 quokkas
  11 bats
  3 frilled lizards
  11 kobolds
  9 rats
96 creatures vanquished.

Vanquished Creatures (collateral kills)
  A sky beast (D:5)
  A slave (D:5)
  An ogre (D:4)
  Crazy Yiuf (D:2)
  2 gnolls (D:3)
  An orc (D:5)
  A kobold (D:2)
8 creatures vanquished.

Vanquished Creatures (others)
  The ghost of jesusflecha the Poker, a novice DsFi of Makhleb (D:5)
1 creature vanquished.

Grand Total: 105 creatures vanquished

Notes
Turn   | Place    | Note
-------+----------+-------------------------------------------
     0 | D:1      | Fascinator the Demonspawn Gladiator began the quest for the Orb.
     0 | D:1      | Reached XP level 1. HP: 16/16 MP: 1/1
   189 | D:1      | Gained mutation: A weak demonic guardian rushes to your aid. [demonic ancestry]
   189 | D:1      | Reached XP level 2. HP: 21/22 MP: 2/2
   967 | D:2      | Noticed Jessica
   981 | D:2      | Killed Jessica
   981 | D:2      | Reached XP level 3. HP: 10/28 MP: 3/3
  1398 | D:2      | Reached skill level 1 in Armour
  1583 | D:2      | Gained mutation: You have a pair of small antennae on your head. [demonic ancestry]
  1583 | D:2      | Reached XP level 4. HP: 34/34 MP: 4/4
  1758 | D:2      | Reached skill level 3 in Fighting
  2326 | D:2      | Found a runed door.
  2330 | D:2      | Noticed Crazy Yiuf
  2337 | D:2      | Killed Crazy Yiuf
  2337 | D:2      | Gained mutation: You sometimes gain a little power by taking damage. [demonic ancestry]
  2337 | D:2      | Reached XP level 5. HP: 41/41 MP: 5/5
  3433 | D:4      | Gained mutation: You sometimes gain power by taking damage. [demonic ancestry]
  3433 | D:4      | Reached XP level 6. HP: 45/48 MP: 6/6
  3548 | D:4      | Reached skill level 1 in Staves
  3689 | D:4      | Got an ivory flail
  3843 | D:4      | Reached skill level 4 in Fighting
  4272 | D:5      | Entered Level 5 of the Dungeon
  4291 | D:5      | Noticed jesusflecha's ghost (novice DsFi)
  4319 | D:5      | Banished jesusflecha's ghost
  4319 | D:5      | Reached XP level 7. HP: 32/55 MP: 7/7
  4525 | D:5      | Noticed Menkaure
  4982 | D:5      | Noticed Pikel
  5052 | D:5      | Reached skill level 5 in Fighting
  5234 | D:5      | Found a shadowy altar of Dithmenos.
  5573 | D:6      | Killed from afar by an orc priest

Skill      XL: |  1  2  3  4  5  6  7 |
---------------+----------------------+-----
Polearms       | 3 |  3.9
Dodging        | 3 4 |  4.3
Armour         | 1 2 3 |  3.8
Fighting       | 3 4 5 |  5.1
Staves         | 2 3 |  3.1
Throwing       | |  1.8

Action                   |  1- 3 |  4- 6 |  7- 9 || total
-------------------------+-------+-------+-------++-------
Melee: Trident           |   139 |    17 |       ||   156
       Halberd           |       |   114 |       ||   114
       Quarterstaff      |       |    43 |    32 ||    75
  Use: Scroll            |       |     4 |     4 ||     8
       Potion            |       |       |     2 ||     2
 Stab: Sleeping          |     1 |     1 |       ||     2
       Distracted        |       |     1 |       ||     1
       Petrifying        |       |       |     1 ||     1
  Eat: Chunk             |     2 |     5 |     1 ||     8
       Ration            |       |     1 |     1 ||     2
Armor: Leather armour    |    30 |     4 |       ||    34
       Ring mail         |       |    36 |    15 ||    51
Dodge: Dodged            |    76 |    97 |    19 ||   192
